 Dungeon Crawl Stone Soup version 0.14.0-20-g75a2fc2 (console) character file.

377 Garrluk the Sneak (level 5, 0/39 HPs)
             Began as a Vampire Berserker on Apr 21, 2014.
             Was a Priest of Trog.
             Slain by a centaur (8 damage)
             ... on Level 3 of the Dungeon.
             The game lasted 00:12:57 (2811 turns).

Garrluk the Sneak (Vampire Berserker)               Turns: 2811, Time: 00:12:57

HP   0/39        AC  4     Str 16      XL: 5   Next: 59%
MP   5/5         EV 12     Int  9      God: Trog [***...]
Gold 164         SH  0     Dex 14      Spells:  0 memorised,  4 levels left

rFire  . . .     SeeInvis +     a - +0 short sword
rCold  + . .     Clarity  .     q - +0 troll leather armour (curse)
rNeg   + + .     Conserve .     (no shield)
rPois  +         rCorr    .     (helmet restricted)
rElec  .         rRot     +     (no cloak)
SustAb . .       Spirit   .     (no gloves)
rMut   .         Warding  .     (no boots)
Saprov . . .     Stasis   .     (no amulet)
MR     ++...                    (no ring)
                                (no ring)

@: regenerating, very resistant to hostile enchantments, quite stealthy
A: antennae 1, fangs 3, see invisible, unbreathing
a: Bat Form, Burn Spellbooks, Berserk, Trog's Hand, Renounce Religion


You were on level 3 of the Dungeon.
You worshipped Trog.
Trog was most pleased with you.
You were thirsty.

You visited 1 branch of the dungeon, and saw 4 of its levels.

You collected 164 gold pieces.

Inventory:

Hand weapons
 a - a +0,+0 short sword (weapon)
 e - a +0,+0 dagger
Missiles
 o - 2 tomahawks (quivered)
Armour
 i - a +0 leather armour
 q - a cursed +0 troll leather armour (worn)
Scrolls
 d - 8 scrolls of identify {unknown}
 g - a scroll of remove curse {unknown}
 l - a scroll of enchant armour {unknown}
 p - 4 scrolls of teleportation {unknown}
 t - a scroll of random uselessness {unknown}
 w - a scroll of enchant weapon I {unknown}
Potions
 f - a potion of lignification
 h - a potion of restore abilities
 j - 2 potions of curing
 u - a potion of brilliance


   Skills:
 - Level 2.6 Fighting
 + Level 4.5 Short Blades
 - Level 1.5 Armour
 + Level 3.5 Dodging
 * Level 6.1 Stealth


You had 4 spell levels left.
You didn't know any spells.

Dungeon Overview and Level Annotations

Branches:
Dungeon (4/15)
 Temple: D:4-7

Altars:
Xom

Annotations:
D:3 Crazy Yiuf
D:4 Menkaure


Innate Abilities, Weirdness & Mutations

You heal slowly.
You have razor-sharp teeth.*
You have supernaturally acute eyesight.
You can survive without breathing.*
You have a pair of small antennae on your head.*


Message History

You barely miss the centaur.
The centaur is moderately wounded.
The centaur barely misses you.
Wield which item (- for none, * to show all)? (? for menu, Esc to quit)
a - a +0,+0 short sword (weapon)
The centaur hits you!
* * * LOW HITPOINT WARNING * * *
You hit the centaur.
The centaur is heavily wounded.
You feel the effects of Trog's Hand fading.
The centaur misses you.
Use which ability? (? or * to list)
Your skin crawls.
You feel resistant to hostile enchantments.
You are feeling thirsty.
The centaur closely misses you.
You hit the centaur.
The centaur is heavily wounded.
The centaur hits you!
You die...

#####################
##....................
##..###################
##..## ♣♣♣ #..## ♣♣♣♣♣
♣♣♣♣♣ ##.## ♣..♣♣♣ ♣♣♣♣♣♣
#..# ....♣♣ ♣♣♣>♣♣ ## #.##
..$.♣♣ ♣♣♣..♣♣ .# #.#
♣♣♣♣....♣♣ ♣♣♣.♣♣♣ .# .(#
♣♣♣♣♣...♣♣ ♣♣.♣♣♣♣ .# #.##
♣♣♣♣@c.♣♣ ♣♣♣.♣♣♣ #
.#######.# ♣♣♣.♣♣)♣♣
♣♣♣)♣♣ # .'.......#
♣♣♣.♣♣♣♣♣♣ ♣♣.♣♣♣ #
.######.## ♣♣♣.♣♣♣♣♣♣
♣♣♣♣.♣♣♣ # (# #># ♣♣♣.♣♣♣
♣♣♣♣.♣♣ # .# #.#
♣♣♣.♣♣♣♣♣♣♣♣♣♣..♣♣♣ # .#
#.#♣♣♣.♣♣♣♣♣♣♣♣♣♣♣.♣♣♣♣ #
.# #.#♣♣♣.♣♣♣♣♣...♣♣..♣♣♣
# .#
#.#♣♣.♣♣♣♣♣.♣♣)♣..♣♣♣♣ ##
#.#♣♣.♣♣♣♣.♣♣♣♣.♣.♣♣♣♣♣♣♣
#g#♣♣.♣♣♣♣.♣♣♣♣♣♣..)♣♣♣♣♣♣


You could see a centaur.

Vanquished Creatures
  A hound (D:4)
  An iguana (D:3)
  Natasha (twice) (D:3)
  An adder (D:3)
  A gnoll (D:1)
  4 worms
  2 giant geckos (D:2)
  An ooze (D:2)
  2 orcs (D:3)
  6 bats
  14 goblins
  6 hobgoblins
  4 quokkas
  4 giant cockroaches
  5 giant newts
  6 jackals (D:2)
  9 kobolds
  5 rats
74 creatures vanquished.

Notes
Turn   | Place    | Note
--------------------------------------------------------------
     0 | D:1      | Garrluk, the Vampire Berserker, began the quest for the Orb.
     0 | D:1      | Reached XP level 1. HP: 17/17 MP: 1/1
    71 | D:1      | Reached skill level 1 in Stealth
   347 | D:1      | Reached XP level 2. HP: 21/23 MP: 2/2
   914 | D:2      | Reached XP level 3. HP: 26/28 MP: 3/3
   974 | D:2      | Acquired Trog's second power
  1465 | D:2      | Found a shimmering altar of Xom.
  1484 | D:2      | Reached skill level 4 in Stealth
  1846 | D:3      | Noticed Natasha
  1886 | D:3      | Killed Natasha
  1886 | D:3      | Reached XP level 4. HP: 12/34 MP: 4/4
  1975 | D:3      | Noticed Crazy Yiuf
  2174 | D:4      | Reached skill level 5 in Stealth
  2194 | D:4      | Noticed Menkaure
  2412 | D:3      | Reached XP level 5. HP: 37/39 MP: 5/5
  2427 | D:3      | Noticed Natasha
  2436 | D:3      | Killed Natasha
  2572 | D:3      | Gained mutation: You have a pair of small antennae on your head. [potion of mutation]
  2572 | D:3      | Gained mutation: Your mind is acute. (Int +2) [potion of mutation]
  2574 | D:3      | Paralysed by a potion of paralysis for 6 turns
  2587 | D:3      | Lost mutation: Your mind is acute. (Int +2) [potion of cure mutation]
  2775 | D:3      | Reached skill level 6 in Stealth
  2782 | D:3      | Noticed a centaur
  2811 | D:3      | Slain by a centaur

Action                   |  1- 3 |  4- 6 || total
-------------------------+-------+-------++-------
Melee: Dagger            |   168 |   233 ||   401
       Short sword       |    10 |    23 ||    33
       Unarmed           |       |    34 ||    34
Throw: Tomahawk          |     3 |       ||     3
Invok: Trog's Hand       |     2 |     4 ||     6
       Burn Spellbooks   |     1 |       ||     1
 Abil: End Transformatio |       |     1 ||     1
       Bat Form          |       |     1 ||     1
  Use: Potion            |       |    11 ||    11
 Stab: Sleeping          |     6 |     2 ||     8
